AoeStats
← Infadel

Arabia

506749058Analyzed
1v1 RM · 19d ago on Sep 15, 2026· 44m 42s· 2 players
Game mode
Random Map
Map size
Tiny (2 player)
Population
200
Speed
Normal
Resources
Standard
Victory
Conquest
Starting age
Dark Age
Ending age
Imperial Age
RankedLock teamsTeams togetherTeam positionsShared explorationLock speedFull tech treeHidden civsTurbo modeCheats
Victory
Defeat
🇮🇳 Mongols · India
1022
+17
🇵🇪 Dravidians · Peru
1048
-17
Infadel
8:46 Feudal Age
7:02 Loom
10:24 Double-Bit Axe
16:06 Scale Barding Armor
16:51 Forging
23:56 Castle Age
23:11 Gold Mining
23:34 Padded Archer Armor
23:24 Fletching
24:12 Horse Collar
25:00 Leather Archer Armor
24:44 Bodkin Arrow
25:23 Leather Archer Armor
27:17 Bow Saw
30:27 Town Watch
31:17 Wheelbarrow
31:12 Heavy Plow
32:17 Bloodlines
34:00 Thumb Ring
34:34 Husbandry
35:43 Gold Shaft Mining
34:59 Stone Mining
37:34 Stone Shaft Mining
37:56 Hand Cart
37:10 Light Cavalry
40:56 Imperial Age
38:58 Ballistics
41:25 Crossbowman
42:32 Parthian Tactics
41:31 Hussar
42:49 Bracer
Lobo Gélido
7:08 Loom
12:05 Feudal Age
21:09 Castle Age
20:36 Scale Mail Armor
21:38 Pikeman
22:50 Forging
28:01 Double-Bit Axe
29:21 Fletching
30:03 Bodkin Arrow
30:25 Stone Mining
30:18 Horse Collar
30:29 Elite Skirmisher
32:45 Bow Saw
34:06 Padded Archer Armor
36:00 Leather Archer Armor
42:03 Chain Mail Armor
41:55 Gold Mining
44:00 Iron Casting
Connection lost

Rejoining the realm…

Still unreachable

The connection could not be restored.

Session expired

The server has moved on; the page needs a fresh start.